 Dungeon Crawl Stone Soup version 0.29-a0-297-g7659ce593d (webtiles) character file.

Game seed: 7259265607968632185

204 Dabor the Insei (level 5, -4/35 HPs)
             Began as an Octopode Transmuter on Mar 22, 2022.
             Was a Follower of Okawaru.
             Slain by an ice beast (11 damage)
             ... on level 4 of the Dungeon.
             The game lasted 00:05:41 (3858 turns).

Dabor the Insei (Octopode Transmuter)               Turns: 3858, Time: 00:05:41

Health: -4/35      AC:  1    Str:  9    XL:     5   Next: 82%
Magic:  7/9        EV: 14    Int: 16    God:    Okawaru [*.....]
Gold:   168        SH:  0    Dex: 14    Spells: 3/9 levels left

rFire   . . .      SeeInvis .     - Unarmed
rCold   . . .      Faith    .   (no shield)
rNeg    + . .      Spirit   .   (helmet currently unavailable)
rPois   .          Reflect  .   (no amulet)
rElec   .          Harm     .   j - ring of positive energy
rCorr   .          Rampage  .   (no ring)
Will    .....                   (no ring)
Stlth   ++........              (no ring)
HPRegen 0.11/turn               (no ring)
MPRegen 0.11/turn               (no ring)
                                (no ring)
                                (no ring)

@: appendages (expiring), wereblooded
A: tentacle spike 3, almost no armour, amphibious, 8 rings, camouflage 1,
gelatinous body 1, (nimble swimmer 1), tentacles
a: End Transformation, Renounce Religion, Heroism


You were on level 4 of the Dungeon.
You worshipped Okawaru.
Okawaru was aware of your devotion.
One of your tentacles had grown a beastly spike.
You visited 1 branch of the dungeon, and saw 4 of its levels.

You collected 168 gold pieces.

Inventory:

Jewellery
 f - a ring of ice
 j - a ring of positive energy (left tentacle)
Scrolls
 g - 2 scrolls of acquirement {unknown}
 h - 3 scrolls of identify
 i - a scroll of fear {unknown}
Potions
 a - a potion of lignification
 b - a potion of ambrosia {unknown}
 c - a potion of heal wounds
 d - 2 potions of degeneration {unknown}
 e - a potion of cancellation {unknown}
 k - a potion of mutation {unknown}
 l - a potion of brilliance {unknown}
 m - a potion of might {unknown}


   Skills:
 + Level 2.3 Fighting
 + Level 3.0 Dodging
 + Level 3.7 Unarmed Combat
 + Level 2.8 Spellcasting
 + Level 3.0 Transmutations
 * Level 1.6 Poison Magic
 + Level 0.4 Invocations


You had 3 spell levels left.
You knew the following spells:

 Your Spells              Type           Power      Damage    Failure   Level
a - Beastly Appendage     Tmut           24%        N/A       5%          1
b - Wereblood             Tmut           12%        N/A       9%          2
c - Spider Form           Tmut/Pois      9%         N/A       22%         3

Your spell library contained the following spells:

 Spells                   Type           Power      Damage    Failure   Level
 Sublimation of Blood     Necr           2%         N/A       28%         2
 Ice Form                 Ice/Tmut       7%         N/A       71%         4
 Fulminant Prism          Conj/Hex       1%         3d6       88%         4
 Iskenderun's Mystic Bla  Conj/Tloc      2%         2d3       88%         4
 Lee's Rapid Deconstruct  Erth           1%         3d5*      99%         5
 Conjure Ball Lightning   Conj/Air       1%         3x3d6     100%        6
 Discord                  Hex            1%         N/A       100%        8
 Disjunction              Tloc           1%         N/A       100%        8
 Summon Hydra             Summ           Unusable   N/A       N/A         7

Dungeon Overview and Level Annotations

Branches:
Dungeon (4/15)
 Temple: D:4-7

Altars:
Okawaru

Shops:
D:3 [

Annotations:
D:3 Natasha


Innate Abilities, Weirdness & Mutations

One of your tentacles has grown a beastly spike.
You cannot wear most types of armour.
You are amphibious.
You can wear up to eight rings at the same time.
Your skin changes colour to match your surroundings (Stealth+).
Your rubbery body absorbs attacks. (AC +1, EV +1)
((You are camouflaged when in or above water. (Stealth+)))
You have tentacles for arms and can constrict up to eight enemies at once.


Message History

Your tentacle spike misses the ice beast.
The ice beast hits you but does no damage.
You closely miss the ice beast.
You pierce the ice beast.
The ice beast is lightly wounded.
The ice beast hits you. The ice beast freezes you.
You tentacle-slap the ice beast.
You pierce the ice beast.
The ice beast is moderately wounded.
The ice beast misses you.
You tentacle-slap the ice beast but do no damage.
Your tentacle spike misses the ice beast.
The ice beast is moderately wounded.
The ice beast misses you.
You tentacle-slap the ice beast but do no damage.
You squeeze the ice beast.
The ice beast is moderately wounded.
The ice beast barely misses you.
You tentacle-slap the ice beast.
Your tentacle spike misses the ice beast.
The ice beast is moderately wounded.
The ice beast hits you. The ice beast freezes you!
You tentacle-slap the ice beast but do no damage.
Your tentacle spike misses the ice beast.
The ice beast is moderately wounded.
Your transformation is almost over.
The ice beast completely misses you.
You tentacle-slap the ice beast. You squeeze the ice beast.
The ice beast is heavily wounded.
The ice beast barely misses you.
You tentacle-slap the ice beast.
The ice beast is severely wounded.
The ice beast hits you. The ice beast freezes you!
* * * LOW HITPOINT WARNING * * *
You tentacle-slap the ice beast.
You pierce the ice beast, but do no damage.
You tentacle-slap the ice beast. You squeeze the ice beast.
The ice beast is almost dead.
The ice beast hits you.
* * * LOW HITPOINT WARNING * * *
The ice beast freezes you!
You die...

#.####### #.# #.# #### #.......#
#.# # #.# .... ##.......# #.#
#.#.# ...(
.........#########.#####.#.######
.........'.............#.......##
.........#########^###.###.###.#.
##.).....# #....>.....<#.##
#.......##############.##.#.....
...............Y@...........()...
##.....................)...#.#.#.
#######################.###.#.#.
#.....#.#. #..####.#. #..# #.#.
#..# #.#. ##.# .# #.#


You could see an ice beast.

Vanquished Creatures
  2 iguanas
  Natasha (twice) (D:3)
  2 adders
  A worm (D:3)
  An orc (D:4)
  5 endoplasms
  4 giant cockroaches
  7 goblins
  7 hobgoblins
  5 jackals
  10 kobolds
  3 quokkas
  14 ball pythons
  5 bats
  A frilled lizard (D:1)
  3 rats (D:1)
72 creatures vanquished.

Vanquished Creatures (others)
  A fungus (D:3)
  13 plants
14 creatures vanquished.

Grand Total: 86 creatures vanquished

Notes
Turn   | Place    | Note
-------+----------+-------------------------------------------
     0 | D:1      | Dabor the Octopode Transmuter began the quest for the Orb.
     0 | D:1      | Reached XP level 1. HP: 13/13 MP: 3/3
    86 | D:1      | Reached XP level 2. HP: 18/18 MP: 5/5
   395 | D:1      | Learned a level 2 spell: Wereblood
   599 | D:1      | Reached XP level 3. HP: 4/23 MP: 2/6
  2095 | D:2      | Reached XP level 4. HP: 29/29 MP: 7/7
  2390 | D:3      | Noticed Natasha
  2397 | D:3      | Killed Natasha
  2428 | D:3      | Learned a level 3 spell: Spider Form
  2436 | D:3      | Noticed Natasha
  2445 | D:3      | Killed Natasha
  2446 | D:3      | Reached XP level 5. HP: 30/34 MP: 9/9
  2497 | D:3      | Noticed Natasha
  2697 | D:3      | Found a faded altar of an unknown god.
  2757 | D:3      | Prayed at the altar of an unknown god.
  2757 | D:3      | Became a worshipper of Warmaster Okawaru
  2757 | D:3      | Reached * piety under Okawaru
  2897 | D:3      | Reached skill level 1 in Poison Magic
  2976 | D:3      | Found Xewyte's Armour Shoppe.
  3841 | D:4      | Noticed an ice beast
  3858 | D:4      | Slain by an ice beast

Illustrated notes

Levels and vault maps discovered:
D:1:      spicycebolla_arrival_xxxplode, layout_rooms
D:2:      layout_loops_corners, serial_bayou, serial_bayou_ford_a,
          serial_bayou_shore_a, serial_bayou_pond_c, serial_bayou_lagoon_b,
          wad_floor_pattern_1, kennysheep_decorative_pillar, st_stairs_6,
          small_statue_intersection
D:3:      layout_basic, shapermc_ecumenical_altar_acropolis, serial_shops,
          nicolae_shop_crystal, uniq_natasha
D:4:      layout_basic, chequers_serial_rivers_room_a, guppyfry_shop_venom

Skill      XL: |  1  2  3  4  5 |
---------------+----------------+-----
Fighting       | 2 |  2.3
Poison Magic   | 1 |  1.6
Dodging        | 3 |  3.0
Transmutations | 3 |  3.0
Unarmed Combat | |  3.7
Spellcasting   | |  2.8
Invocations    | |  0.4

Action                   |  1- 3 |  4- 6 || total
-------------------------+-------+-------++-------
Melee: Unarmed           |    89 |    73 ||   162
       Constrict         |    24 |    12 ||    36
       Tentacles         |    14 |    17 ||    31
       Kick              |    16 |    17 ||    33
       Punch             |     3 |     2 ||     5
 Cast: Beastly Appendage |    19 |    17 ||    36
       Wereblood         |     1 |     5 ||     6
  Use: Scroll            |     3 |       ||     3
 Stab: Sleeping          |     2 |     5 ||     7
Armor: Skin              |     6 |     5 ||    11
Dodge: Dodged            |    63 |    37 ||   100

Table legend: (Time is in decaauts)
 A = Elapsed time spent in this place.
 B = Non-inter-level travel time spent in this place.
 C = Inter-level travel time spent in this place.
 D = Time resting spent in this place.
 E = Time spent auto-exploring this place.
 F = Levels seen in this place.
 G = Mean time per level.
                   A        B        C        D        E       F      G
               +--------+--------+--------+--------+--------+-----+--------+
         Total |   3846 |   3758 |     88 |    465 |   2738 |   4 |  961.5 |
       Dungeon |   3846 |   3758 |     88 |    465 |   2738 |   4 |  961.5 |
               +--------+--------+--------+--------+--------+-----+--------+

Top non-repeatable levels by time:
     D:1: 1268 daAuts
     D:3: 1105 daAuts
     D:2: 1104 daAuts
     D:4: 367 daAuts
